 Dungeon Crawl Stone Soup version 0.24.1-8-ga250c9d538 (webtiles) character file.

Game seed: 10375848137256315922, levelgen mode: deterministic

2837 Peloso the Blocker (level 9, -3/74 HPs)
             Began as a Gnoll Fighter on May 5, 2020.
             Slain by a bullfrog skeleton (5 damage)
             ... on level 7 of the Dungeon.
             The game lasted 00:11:54 (5447 turns).

Peloso the Blocker (Gnoll Fighter)                  Turns: 5447, Time: 00:11:54

Health: -3/74      AC: 14    Str: 21    XL:     9   Next: 74%
Magic:  24/24      EV:  7    Int: 11    God:
Gold:   330        SH: 11    Dex: 15    Spells: 16/16 levels left

rFire    . . .     SeeInvis .   a - +0 long sword
rCold    . . .     Gourm    .   c - +0 shield
rNeg     . . .     Faith    .   o - +0 plate armour
rPois    .         Spirit   .   (no helmet)
rElec    .         Reflect  .   (no cloak)
rCorr    .         Harm     .   (no gloves)
MR       .....                  w - +0 pair of boots
Stlth    ..........             (no amulet)
HPRegen  0.22/turn              m - ring of magical power
MPRegen  0.19/turn              (no ring)

@: no status effects
A: distributed training, fangs 1, strong nose
a: no special abilities


You were on level 7 of the Dungeon.
You were not hungry.

You visited 2 branches of the dungeon, and saw 8 of its levels.

You collected 330 gold pieces.

Inventory:

Hand Weapons
 a - a +0 long sword (weapon)
 b - a +1 hand axe of venom
Armour
 c - a +0 shield (worn)
 o - a +0 plate armour (worn)
 w - a +0 pair of boots (worn)
Jewellery
 h - an uncursed amulet of magic regeneration {unknown}
 m - a ring of magical power (left hand)
Wands
 u - a wand of flame (18)
 v - a wand of polymorph (8)
Scrolls
 e - 3 scrolls of remove curse
 i - a scroll of magic mapping {unknown}
 j - 2 scrolls of amnesia {unknown}
 n - a scroll of fear {unknown}
 p - a scroll of random uselessness {unknown}
 q - a scroll of blinking {unknown}
 s - 2 scrolls of enchant armour {unknown}
 t - a scroll of identify
 x - a scroll of fog {unknown}
 y - a scroll of enchant weapon {unknown}
 A - 2 scrolls of teleportation {unknown}
Potions
 d - a potion of might
 g - 3 potions of haste
 k - 4 potions of heal wounds
 l - 7 potions of curing
 r - a potion of brilliance
Comestibles
 f - 18 rations
 z - 2 chunks of flesh


   Skills:
 + Level 8.0 Fighting
 + Level 4.4 Short Blades
 + Level 6.4 Long Blades
 + Level 4.4 Axes
 + Level 4.4 Maces & Flails
 + Level 4.4 Polearms
 + Level 4.4 Staves
 + Level 4.4 Slings
 + Level 4.4 Bows
 + Level 4.4 Crossbows
 + Level 4.4 Throwing
 + Level 8.0 Armour
 + Level 4.4 Dodging
 + Level 4.4 Stealth
 + Level 8.0 Shields
 + Level 4.4 Unarmed Combat
 + Level 4.4 Spellcasting
 + Level 3.6 Conjurations
 + Level 3.6 Hexes
 + Level 3.6 Charms
 + Level 3.6 Summonings
 + Level 3.6 Necromancy
 + Level 3.6 Translocations
 + Level 3.6 Transmutations
 + Level 3.6 Fire Magic
 + Level 3.6 Ice Magic
 + Level 3.6 Air Magic
 + Level 3.6 Earth Magic
 + Level 3.6 Poison Magic
 + Level 4.9 Invocations
 + Level 4.4 Evocations


You had 16 spell levels left.
You didn't know any spells.
Your spell library contained the following spells:

 Spells                   Type           Power        Failure   Level  Hunger
 Confusing Touch          Hex            ##....       91%         1    #......
 Confuse                  Hex            ##......     100%        3    ###....
 Gell's Gravitas          Tloc           ##........   100%        3    ###....
 Petrify                  Tmut/Erth      ##......     100%        4    #####..
 Metabolic Englaciation   Hex/Ice        ##........   100%        5    ######.
 Yara's Violent Unravell  Hex/Tmut       ##........   100%        5    ######.


Dungeon Overview and Level Annotations

Branches:
Dungeon (7/15)             Temple (1/1) D:6

Altars:
Ashenzari
Cheibriados
Dithmenos
Elyvilon
Fedhas
Gozag
Hepliaklqana
Kikubaaqudgha
Makhleb
Nemelex Xobeh
Qazlal
Trog
Uskayaw
Vehumet
Wu Jian
Xom
Yredelemnul
Zin
The Shining One

Shops:
D:4 (?(([   D:5 =


Innate Abilities, Weirdness & Mutations

Your experience applies equally to all skills.
You have very sharp teeth.
Your uncanny sense of smell can sniff out nearby items.


Message History

The orc priest looks encouraged for a moment.
The bullfrog skeleton hits you but does no damage.
The orc wizard gestures at you while chanting.
You block the puff of flame. The orc hits you but does no damage.
The orc priest invokes the aid of Beogh against you.
Beogh smites you!
* * * LOW HITPOINT WARNING * * *
The orc priest hits you but does no damage.
You slash the orc priest!
The orc priest is almost dead.
The orc wizard points at you and mumbles some strange words.
The magic dart hits you but does no damage.
The bullfrog skeleton hits you but does no damage.
You block the orc's attack.
The orc priest hits you but does no damage.
The orc wizard points at you and mumbles some strange words.
The magic dart hits you!
* * * LOW HITPOINT WARNING * * *
The bullfrog skeleton hits you.
You die...

#####.....##..
##............#..
#.......?........
#.....#..........
##....#..........
##..............
#.......^.......
##......oo......
#.....o@oZ.....
#....(.#Z......
####...#.......
######......
##.... ##.. .


You could see 2 orc priests, an orc wizard, an orc, a leopard gecko skeleton and
a bullfrog skeleton.

Vanquished Creatures
  Pikel (D:6)
  Grinder (D:3)
  Sigmund (D:3)
  Eustachio (D:5)
  A phantom (D:6)
  2 sky beasts
  An orc warrior (D:5)
  2 ogres
  A centaur (D:5)
  2 bullfrogs (D:6)
  A gnoll sergeant (D:6)
  2 scorpions
  3 howler monkeys
  3 crimson imps
  A hound (D:4)
  An orc priest (D:3)
  A jelly (D:6)
  A centaur skeleton (D:6)
  8 orc wizards
  An iguana (D:4)
  6 worker ants
  A hound zombie (D:5)
  A hound skeleton (D:7)
  4 gnolls (D:6)
  10 adders
  A shadow imp (D:6)
  3 oozes
  A worm (D:5)
  2 dart slugs
  4 leopard geckos
  22 orcs
  6 bats
  7 giant cockroaches
  2 gnoll zombies (D:5)
  9 goblins
  6 hobgoblins
  12 jackals
  11 kobolds
  3 quokkas
  5 frilled lizards
  2 leopard gecko skeletons
  8 rats
161 creatures vanquished.

Vanquished Creatures (others)
  A slave (D:6)
  Blork the orc (D:6)
  A gnoll (D:6)
  A leopard gecko (D:6)
  2 orcs (D:6)
  A quokka (D:6)
7 creatures vanquished.

Grand Total: 168 creatures vanquished

Notes
Turn   | Place    | Note
-------+----------+-------------------------------------------
     0 | D:1      | Peloso the Gnoll Fighter began the quest for the Orb.
     0 | D:1      | Reached XP level 1. HP: 23/23 MP: 1/1
   170 | D:1      | Reached XP level 2. HP: 29/29 MP: 2/2
   521 | D:2      | Reached XP level 3. HP: 35/35 MP: 3/3
   579 | D:2      | Reached skill level 1 in Invocations
  1158 | D:3      | Reached skill level 1 in Short Blades
  1158 | D:3      | Reached skill level 1 in Axes
  1158 | D:3      | Reached skill level 1 in Maces & Flails
  1158 | D:3      | Reached skill level 1 in Polearms
  1158 | D:3      | Reached skill level 1 in Staves
  1158 | D:3      | Reached skill level 1 in Slings
  1158 | D:3      | Reached skill level 1 in Bows
  1158 | D:3      | Reached skill level 1 in Crossbows
  1158 | D:3      | Reached skill level 1 in Throwing
  1158 | D:3      | Reached skill level 1 in Dodging
  1158 | D:3      | Reached skill level 1 in Stealth
  1158 | D:3      | Reached skill level 1 in Unarmed Combat
  1158 | D:3      | Reached skill level 1 in Spellcasting
  1158 | D:3      | Reached skill level 1 in Evocations
  1182 | D:3      | Reached XP level 4. HP: 27/41 MP: 5/5
  1230 | D:3      | Reached skill level 1 in Conjurations
  1230 | D:3      | Reached skill level 1 in Hexes
  1230 | D:3      | Reached skill level 1 in Charms
  1230 | D:3      | Reached skill level 1 in Summonings
  1230 | D:3      | Reached skill level 1 in Necromancy
  1230 | D:3      | Reached skill level 1 in Translocations
  1230 | D:3      | Reached skill level 1 in Transmutations
  1230 | D:3      | Reached skill level 1 in Fire Magic
  1230 | D:3      | Reached skill level 1 in Ice Magic
  1230 | D:3      | Reached skill level 1 in Air Magic
  1230 | D:3      | Reached skill level 1 in Earth Magic
  1230 | D:3      | Reached skill level 1 in Poison Magic
  1501 | D:3      | Reached XP level 5. HP: 44/47 MP: 7/7
  1637 | D:3      | Noticed Sigmund
  1658 | D:3      | Killed Sigmund
  1658 | D:3      | Reached skill level 5 in Long Blades
  1658 | D:3      | Reached XP level 6. HP: 45/53 MP: 9/9
  1783 | D:3      | Found a faded altar of an unknown god.
  1869 | D:3      | Noticed Grinder
  1885 | D:3      | Paralysed by Grinder for 5 turns
  1894 | D:3      | Killed Grinder
  1894 | D:3      | Reached XP level 7. HP: 30/60 MP: 10/10
  2338 | D:4      | Found Raozeg's Weapon Boutique.
  2347 | D:4      | Found Piyllied's Magic Scroll Boutique.
  2599 | D:4      | Found Hudeehuxed's Antique Weapon Shoppe.
  2599 | D:4      | Found Lunluadd's Weapon Boutique.
  2631 | D:4      | Found Tuiracvizxa's Armour Shop.
  2895 | D:5      | Entered Level 5 of the Dungeon
  2953 | D:5      | Reached XP level 8. HP: 28/67 MP: 12/12
  3245 | D:5      | Found Qekump's Jewellery Boutique.
  3432 | D:5      | Found an opulent altar of Gozag.
  3594 | D:5      | Found a basalt altar of Yredelemnul.
  3825 | D:6      | Noticed Eustachio
  4011 | D:5      | Killed Eustachio
  4071 | D:6      | Noticed Pikel
  4087 | D:6      | Killed Pikel
  4087 | D:6      | Reached XP level 9. HP: 52/73 MP: 14/14
  4138 | D:6      | Found a staircase to the Ecumenical Temple.
  4170 | Temple   | Entered the Ecumenical Temple
  4392 | D:6      | Killed Blork the orc
  4482 | D:6      | Found a shimmering altar of Xom.
  4523 | D:6      | Found a bloodstained altar of Trog.
  4861 | D:6      | Found a sparkling altar of Nemelex Xobeh.
  5447 | D:7      | HP: 2/74 [orc wizard/magic dart (9)]
  5447 | D:7      | Slain by a bullfrog skeleton

Levels and vault maps discovered:
D:1:      elethiomel_arrival_quiet, layout_basic
D:2:      layout_basic, first_ration, kennysheep_generic_room_7
D:3:      layout_loops_cross, chequers_ecumenical_altar_simple_redux,
          minmay_pentomino_pile, uniq_grinder, uniq_sigmund
D:4:      kb_forest_paths, layout_basic, serial_shops, shop,
          nicolae_shop_overgrown_old_shop, shop, nicolae_shop_trees, shop,
          minmay_misc_feat_five, kennysheep_generic_room_6
D:5:      layout_cave_pools, lemuel_zombie_altar_yredelemnul, serial_shops,
          nicolae_shop_behind_doors, basic_altar
D:6:      layout_loops_ring, nemelex_xobeh_ov_fountains_minmay,
          lemuel_round_altar, minmay_temple_entry_statues, trog_book,
          uniq_blork_the_orc, uniq_eustachio, uniq_pikel
D:7:      layout_cave_pools, basic_altar, uniq_menkaure, uniq_duvessa
Temple:   nicolae_temple_elliptical

Skill      XL: |  1  2  3  4  5  6  7  8  9 |
---------------+----------------------------+-----
Invocations    | 1 2 3 4 |  4.9
Short Blades   | 1 2 3 4 |  4.4
Axes           | 1 2 3 4 |  4.4
Maces & Flails | 1 2 3 4 |  4.4
Polearms       | 1 2 3 4 |  4.4
Staves         | 1 2 3 4 |  4.4
Slings         | 1 2 3 4 |  4.4
Bows           | 1 2 3 4 |  4.4
Crossbows      | 1 2 3 4 |  4.4
Throwing       | 1 2 3 4 |  4.4
Dodging        | 1 2 3 4 |  4.4
Stealth        | 1 2 3 4 |  4.4
Unarmed Combat | 1 2 3 4 |  4.4
Spellcasting   | 1 2 3 4 |  4.4
Evocations     | 1 2 3 4 |  4.4
Conjurations   | 1 2 3 |  3.6
Hexes          | 1 2 3 |  3.6
Charms         | 1 2 3 |  3.6
Summonings     | 1 2 3 |  3.6
Necromancy     | 1 2 3 |  3.6
Translocations | 1 2 3 |  3.6
Transmutations | 1 2 3 |  3.6
Fire Magic     | 1 2 3 |  3.6
Ice Magic      | 1 2 3 |  3.6
Air Magic      | 1 2 3 |  3.6
Earth Magic    | 1 2 3 |  3.6
Poison Magic   | 1 2 3 |  3.6
Long Blades    | 5 6 |  6.4
Fighting       | 7 8 |  8.0
Armour         | 7 8 |  8.0
Shields        | 7 8 |  8.0

Action                   |  1- 3 |  4- 6 |  7- 9 || total
-------------------------+-------+-------+-------++-------
Melee: Long sword        |    92 |   135 |   359 ||   586
       Bite              |    12 |    13 |    81 ||   106
       Hand axe          |       |       |    98 ||    98
  Use: Scroll            |       |       |     7 ||     7
  Eat: Chunk             |       |     4 |    12 ||    16
Armor: Scale mail        |    33 |       |       ||    33
       Plate armour      |    11 |   127 |   320 ||   458
Dodge: Dodged            |    28 |    44 |   134 ||   206
Block: Shield            |    73 |   133 |   346 ||   552
       Rpst.: Long sword |     9 |    16 |    34 ||    59
